Twoop, chaotic male elven Priest ------ |..$.| #.....| ###|....| ---------------- # -|-.-- |......$$.......## # $ |..$...........| # ------------ ------------ |..............| ### |..{........#####-..........| #-..............| # |..........| |...........########----------------###### ## |.........>.#####|..........|###########`$#f@f##l#$### -.--|- ------------ |......<...|# # |....| |..........|################### |....| |..........|# |....| ------------# +.{..| `$###$# |....| ------ Twoop the Adept Experience level: 7 Strength: 15 Dexterity: 11 Constitution: 15 Intelligence: 8 Wisdom: 20 Charisma: 7 Health: 0(40) Energy: 115(122) Def: 5 Gold: 0 Moves: 2655 Dungeon seed: e4obqI_FCKZklENi Game ID: Twoop_1614200243 Your Inventory: Weapons a - a blessed +1 mace (weapon in hand) l - 2 +0 orcish daggers p - a +0 flail Armor e - a rotted +0 robe (being worn) n - a +0 small shield (being worn) q - a +0 orcish helm r - a blessed +0 orcish helm (being worn) y - a +0 leather armor (being worn) Comestibles c - a clove of garlic d - a sprig of wolfsbane m - 2 tripe rations x - 2 food rations Scrolls i - a scroll of scare monster v - a scroll of remove curse A - 2 blessed scrolls of blank paper Spellbooks f - a spellbook of healing g - a spellbook of detect monsters Potions b - 4 potions of holy water t - a potion of extra healing Rings k - a ring of teleport control w - a ring of invisibility Tools h - a bell s - a magic marker (0:74) B - a leash Gems z - a worthless piece of yellowish brown glass N - a worthless piece of green glass Spells and supernatural/magical abilities: Name Level Category Fail Memory h - healing 1 healing 0% 87% n - detect monsters 1 divination 0% 87% W - pray for help -- divine ? -- X - turn undead -- divine ? -- Your skills at the end: Fighting Skills Weapon Skills mace [Basic] Spellcasting Skills clerical spells [Basic] Final Attributes: You were piously aligned. You were sleep resistant. You had infravision. You are dead. Vanquished creatures: 29 leprechauns a brown pudding an elf zombie a paper golem 2 giant ants 2 rothes an orc zombie a dwarf zombie a werejackal 2 iguanas a coyote a gas spore a giant rat 4 geckos 4 jackals 2 foxes 4 goblins 5 sewer rats 11 grid bugs 3 bats a lichen a kobold zombie 4 newts 83 creatures vanquished. Voluntary challenges: You were an atheist. You used a wielded weapon 195 times, starting on turn 61. You read items or engraved 2 times, starting on turn 1430. You never genocided any monsters. You never polymorphed an object. You never changed form. You used no wishes. You split 1 pudding, starting on turn 2629. You never wrote Elbereth's name. You violated your moral code, losing 1 point of alignment, starting on turn 2532. Dungeon overview: The Dungeons of Doom: levels 1 to 7 Level 1 a long staircase Level 2 a fountain Level 3 a fountain Level 4 a long staircase Level 5 some fountains Level 6 <- You were here some fountains Level 7 History has recorded: On T:1 you entered the Dungeons of Doom to retrieve the Amulet of Yendor! On T:341 you reached level 2 of The Dungeons of Doom. On T:465 you advanced to experience level 2. On T:656 you reached level 3 of The Dungeons of Doom. On T:897 you reached level 4 of The Dungeons of Doom. On T:1117 you advanced to experience level 3. On T:1216 you reached level 5 of The Dungeons of Doom. On T:1466 you advanced to experience level 4. On T:1765 you reached level 6 of The Dungeons of Doom. On T:1871 you reached level 7 of The Dungeons of Doom. On T:2069 you advanced to experience level 5. On T:2217 you advanced to experience level 6. On T:2457 you advanced to experience level 7. Score breakdown: Gold: 0 ( 0 points) Experience: 7 levels (13645 points) Exploration: 7 levels ( 15.56%) (11078 points) Discoveries: 5 items ( 1.74%) ( 3959 points) Valuables value: (no points given unless you survive) Artifact value: 0 ( 0 points) Variety of kills: 23 monsters ( 6.04%) ( 7370 points) Turncount: 2655 turns ( -419 points) Survival: died (score multiplied by 80%) Total score: 28506 Latest messages: You don't know how to write that! You write "Twoop was here!" and the scroll disappears. You displace Qwerty. You hear some noises. There are a few objects here. You hear some noises in the distance. B - a leash. You displace Qwerty. You miss the jaguar. The jaguar hits! (2x) The jaguar bites! You hit the jaguar. The jaguar hits! (2x) The jaguar bites! The jaguar hits! You die... Final status: Goodbye Twoop the Priest, killed by a jaguar... You died in The Dungeons of Doom on dungeon level 6 with 28506 points, and 0 pieces of gold, after 2655 moves. You were level 7 with a maximum of 40 hit points when you died.